 Seeded DCSS version 0.29-a0-823-gc37b1572da (webtiles) character file.

Game seed: 20220708 (custom seed)

105116 flotson the Fighter (level 15, -1/96 HPs)
             Began as a Demonspawn Delver on July 8, 2022.
             Was an Initiate of Gozag.
             Succumbed to poison (poison gas)
             ... on level 2 of the Abyss.
             The game lasted 01:04:02 (31790 turns).

flotson the Fighter (Demonspawn Delver)            Turns: 31790, Time: 01:04:02

Health: -1/96      AC: 21    Str: 20    XL:     15   Next: 93%
Magic:  0/13       EV: 21    Int: 17    God:    Gozag
Gold:   8449       SH:  9    Dex: 15    Spells: 14/14 levels left

rFire   + + .      SeeInvis .   a - +10 trident "Tecwaumm" {drain, rC+}
rCold   + . .      Faith    .   y - +3 warlock's mirror {reflect}
rNeg    . . .      Spirit   +   T - +5 leather armour "Uzeschadgh" {rF++}
rPois   .          Reflect  +   N - +0 helmet
rElec   .          Harm     .   E - +2 cloak of the Quahog {Will- Regen+ Stlth+}
rCorr   .          Rampage  .   Q - +3 pair of gauntlets of War {Slay+5}
Will    .....      Rage     3%  v - +1 pair of boots {Fly}
Stlth   ++++......              k - amulet of guardian spirit
HPRegen 2.06/turn               G - +4 ring of evasion
MPRegen 0.13/turn               A - +4 ring of slaying

@: lethally poisoned (-1 -> -9), on berserk cooldown, flying
A: powered by death 2, big brain 3, weakness stinger 2, [berserk 1], [frail 2],
[low MP 1]
a: Renounce Religion, Potion Petition, Call Merchant, Bribe Branch


You were on level 2 of the Abyss.
You worshipped Gozag.
Gozag was greatly pleased with you.
You visited 5 branches of the dungeon, and saw 23 of its levels.
You visited the Abyss 1 time.
You also visited: Ossuary, Gauntlet, Ice Cave and Volcano.

You collected 9810 gold pieces.
You spent 1293 gold pieces at shops.
You paid 68 gold pieces to Gozag.

Inventory:

Hand Weapons
 a - the +10 trident "Tecwaumm" (weapon) {drain, rC+}
   (You found it on level 7 of the Dungeon)

   A truly terrible weapon, it drains the life of any living foe it strikes.
   rC:        It protects you from cold.
 b - a +2 vorpal broad axe
Missiles
 J - 27 boomerangs
 M - 13 curare-tipped darts (quivered)
 W - 5 atropa-tipped darts
 Y - 2 silver javelins
Armour
 v - a +1 pair of boots of flying (worn)
 y - the +3 warlock's mirror (worn) {reflect}
   (You bought it in a shop on level 2 of the Orcish Mines)

   It can block and reflect piercing ranged attacks and magical attacks against
   the wielder's willpower.
 E - the +2 cloak of the Quahog (worn) {Will- Regen+ Stlth+}
   (You found it in a Gauntlet)

   Regen:     It increases your rate of health regeneration.
   Will:      It decreases your willpower.
   Stlth:     It makes you more stealthy.
 N - a +0 helmet (worn)
 Q - the +3 pair of gauntlets of War (worn) {Slay+5}
   (You found it in a volcano)

   Slay:      It affects your accuracy & damage with ranged weapons and melee
   (+5).
 T - the +5 leather armour "Uzeschadgh" (worn) {rF++}
   (You found it on level 4 of the Lair of Beasts)

   rF:        It greatly protects you from fire.
 Z - the +1 plate armour of the Apprentice {Slay+5}
   (You found it in a Gauntlet)

   Slay:      It affects your accuracy & damage with ranged weapons and melee
   (+5).
Jewellery
 k - an amulet of guardian spirit (around neck)
 A - a +4 ring of slaying (right hand)
 B - a ring of see invisible
 G - a +4 ring of evasion (left hand)
 R - a +6 ring of strength
 X - a ring of poison resistance
Wands
 g - a wand of digging (2)
 l - a wand of iceblast (19)
 I - a wand of charming (36)
Scrolls
 c - 5 scrolls of fog
 d - 2 scrolls of magic mapping
 e - 3 scrolls of fear
 h - 4 scrolls of immolation
 m - 2 scrolls of brand weapon {unknown}
 p - 4 scrolls of blinking
 w - 6 scrolls of poison
 x - 11 scrolls of teleportation
 H - a scroll of torment {unknown}
 K - a scroll of enchant armour {unknown}
 L - 2 scrolls of acquirement {unknown}
 O - a scroll of summoning {unknown}
 S - 4 scrolls of enchant weapon
 V - a scroll of vulnerability {unknown}
Potions
 f - 11 potions of haste
 i - 3 potions of might
 n - 7 potions of heal wounds
 o - 5 potions of curing
 q - a potion of cancellation
 r - 4 potions of ambrosia
 s - 2 potions of invisibility
 z - 5 potions of mutation
 C - 3 potions of lignification
 D - 6 potions of attraction
 P - 4 potions of berserk rage
 U - a potion of resistance
Miscellaneous
 t - a lightning rod (4/4)
 u - a piece from Xom's chessboard (15/15)
 F - a phial of floods


   Skills:
 + Level 11.8 Fighting
 + Level 4.5(7.7) Axes
 - Level 9.6(10.1) Polearms
 + Level 10.4 Throwing
 + Level 10.4 Armour
 + Level 10.7 Dodging
 - Level 4.5 Stealth
 - Level 9.6 Shields
 + Level 11.2 Evocations


You had 14 spell levels left.
You didn't know any spells.
Your spell library contained the following spells:

 Spells                   Type           Power      Damage    Failure   Level
 Beastly Appendage        Tmut           0%         N/A       13%         1
 Magic Dart               Conj           0%         1d3       13%         1
 Sting                    Tmut/Pois      0%         1d3       13%         1
 Poisonous Vapours        Pois/Air       0%         N/A       21%         2
 Searing Ray              Conj           0%         2d4       21%         2
 Sublimation of Blood     Necr           0%         N/A       21%         2
 Wereblood                Tmut           0%         N/A       21%         2
 Frozen Ramparts          Ice            0%         1d2       36%         3
 Gell's Gravitas          Tloc           0%         N/A       36%         3
 Lesser Beckoning         Tloc           0%         N/A       36%         3
 Ozocubu's Armour         Ice            0%         N/A       36%         3
 Portal Projectile        Hex/Tloc       0%         N/A       36%         3
 Spider Form              Tmut/Pois      0%         N/A       36%         3
 Teleport Other           Tloc           0%         N/A       36%         3
 Tukima's Dance           Hex            0%         N/A       36%         3
 Fulminant Prism          Conj/Hex       0%         3d6       75%         4
 Ice Form                 Ice/Tmut       0%         N/A       75%         4
 Iskenderun's Mystic Bla  Conj/Tloc      0%         2d3       75%         4
 Olgreb's Toxic Radiance  Pois           0%         N/A       75%         4
 Passage of Golubria      Tloc           0%         N/A       75%         4
 Summon Ice Beast         Ice/Summ       0%         N/A       75%         4
 Blade Hands              Tmut           0%         N/A       97%         5
 Freezing Cloud           Conj/Ice/Air   0%         6-21      97%         5
 Lee's Rapid Deconstruct  Erth           0%         3d5*      97%         5
 Metabolic Englaciation   Hex/Ice        0%         N/A       97%         5
 Silence                  Hex/Air        0%         N/A       97%         5
 Summon Hydra             Summ           0%         N/A       100%        7
 Lehudib's Crystal Spear  Conj/Erth      0%         10d2      100%        8
 Polar Vortex             Ice            0%         N/A       100%        9
 Simulacrum               Ice/Necr       Unusable   N/A       N/A         6

Dungeon Overview and Level Annotations

Branches:
Dungeon (13/15)            Temple (1/1) D:5            Lair (6/6) D:10
  Swamp (0/4) Lair:2        Snake (0/4) Lair:3        Slime (0/5) Lair:6
    Orc (2/2) D:12            Elf (1/3) Orc:2       Ossuary (visited)
  IceCv (visited)         Volcano (visited)         Gauntlet (visited)
 Vaults: D:13-14

Altars:
Ashenzari
Cheibriados
Dithmenos
Gozag
Makhleb
Nemelex Xobeh
Okawaru
Qazlal
Ru
Sif Muna
Trog
Uskayaw
Wu Jian
Xom
Jiyva

Shops:
D:7 [   D:8 =!((   Orc:2 [[(

Annotations:
D:12 exclusion: ice statue


Innate Abilities, Weirdness & Mutations

You regenerate health from kills.
You have an absolutely massive brain. (Int +6, Wiz)
You have a tail ending in a sharp stinger.
[You sometimes lose your temper in combat.]
[You are very frail. (-20% HP)]
[Your magical capacity is low. (-10% MP)]


Message History

Aim: a green draconian, wielding a +0 halberd (severely wounded, catching its breath, lightly drained, about 21% to evade the +10 trident "Tecwaumm")
You reach to attack!
You puncture the green draconian! You drain the green draconian.
The green draconian is severely wounded.
You are engulfed in poison gas.
You are poisoned.
You can read scrolls again.
You feel very sick.
The green draconian hits you from afar with a +0 halberd.
Unknown command.
Okay, then.
Reach: a) +10 trident "Tecwaumm" {drain, rC+}
Press: ? - help, Dir - move target, f/p - green draconian
Aim: a green draconian, wielding a +0 halberd (severely wounded, lightly drained, about 21% to evade the +10 trident "Tecwaumm")
Okay, then.
Unknown command.
Aiming: Iceblast
Press: ? - help, Shift-Dir - straight line, f/p - green draconian
Aim: a green draconian, wielding a +0 halberd (severely wounded, lightly drained)
The mass of ice explodes!
The iceblast engulfs the green draconian!!
You kill the green draconian!
You are engulfed in poison gas.
You are more poisoned.
* * * LOW HITPOINT WARNING * * *
x2 You feel extremely sick.
You hear a shout!
You feel the corruption within you wane somewhat.
You can once more read scrolls while threatened.
You feel robust.
You feel better.
You are engulfed in poison gas.
You are poisoned.
* * * LOW HITPOINT WARNING * * *
You feel very sick.
You are engulfed in poison gas.
You are more poisoned.
* * * LOW HITPOINT WARNING * * *
x2 You feel extremely sick.
You die...
Your body crumbles into a pile of gold.

# ##### ... ..
....#..... .
## ## ## .#..#
.§ . ....
.#..#.## .. #.
.#.X...# ... #
.°..... . #
.#°°#... ..
#°###+#.#
.#... .
#°.°°@..#
.#..#..
.#####)###. #
##.. .
.............#
. .. .
............#
. ..
.............#
. ...........#
.......#.....#
...... .....#
. . .. #.. .#


There were no monsters in sight!

Vanquished Creatures
  An orc warlord (Orc:1)
  A frost giant (IceCv)
  A red draconian (Abyss:2)
  A green draconian (Abyss:2)
  A minotaur (Gauntlet)
  A great orb of eyes (D:10)
  Josephine (Orc:1)
  Erolcha (D:9)
  2 boulder beetles (D:13)
  3 hydras
  A catoblepas (Lair:6)
  A death knight (D:13)
  The ghost of Taurus the Protected, a novice MiFi of the Shining One (D:10)
  3 centaur warriors (D:13)
  A ghost crab (Gauntlet)
  17 death yaks
  The ghost of Brotato the Fighter, a novice DsBr (Lair:1)
  A tengu warrior (Gauntlet)
  An orc high priest (Orc:2)
  A wretched star (Abyss:2)
  A sixfirhy (Abyss:2)
  2 spectral death yaks (Lair:1)
  5 wizards (Volcano)
  5 large abominations (Abyss:2)
  3 deep elf pyromancers (D:12)
  2 oklob plants (Lair:6)
  6 orc sorcerers
  An ugly thing (D:13)
  2 orc knights
  2 slime creatures (D:10)
  5 toenail golems (Volcano)
  A wolf spider (Lair:6)
  A cyclops (D:10)
  2 manticores
  A smoke demon (Abyss:2)
  8 elephants
  10 black mambas
  A black mamba (shapeshifter) (D:13)
  A guardian serpent (Lair:6)
  An ice statue (IceCv)
  2 torpor snails
  14 cane toads
  2 gargoyles
  8 komodo dragons
  3 freezing wraiths (D:13)
  A tengu conjurer (Gauntlet)
  4 kobold demonologists
  18 polar bears
  6 trolls
  2 ancient zymes (Abyss:2)
  2 hornets
  Grinder (D:5)
  9 blink frogs (Lair:5)
  Prince Ribbit (D:9)
  A spectral dream sheep (Lair:1)
  3 raiju (Lair:6)
  5 dream sheep (Lair:6)
  93 yaks
  A shadow (D:11)
  9 wyverns
  4 basilisks
  8 wraiths
  2 fire bats (Lair:2)
  A spectral komodo dragon (Lair:1)
  3 golden eyes (Abyss:2)
  Eustachio (D:6)
  3 redbacks
  A steam dragon (D:8)
  5 vampire mosquitoes
  10 wargs
  An acid dragon (D:13)
  A hydra simulacrum (Lair:1)
  29 water moccasins
  12 hell hounds (Lair:6)
  28 orc warriors
  4 ogres
  A spectral torpor snail (Lair:1)
  13 black bears
  70 wolves
  3 centaurs
  5 kobold brigands
  A small abomination (Abyss:2)
  Blork the orc (D:6)
  10 bullfrogs
  2 necrophages
  A gnoll sergeant (D:6)
  2 scorpions
  25 wights
  2 killer bees (D:9)
  2 howler monkeys
  7 electric eels
  4 jellies
  19 orc priests
  2 hounds (D:4)
  Crazy Yiuf (D:7)
  7 hell rats (Lair:5)
  3 iguanas
  30 orc wizards
  8 mummies (Ossuary)
  7 gnolls
  A river rat (D:4)
  9 adders
  2 white imps
  6 worms
  2 dart slugs
  108 orcs
  6 endoplasms
  4 giant cockroaches
  13 goblins
  6 hobgoblins
  3 jackals (D:1)
  3 quokkas
  11 ball pythons
  4 bats
  4 frilled lizards
  A gnoll zombie (Ossuary)
  3 hobgoblin zombies (Ossuary)
  13 kobolds
  2 kobold zombies (Ossuary)
  2 orc zombies (Ossuary)
  6 rats
  2 lurking horrors (Abyss:2)
836 creatures vanquished.

Vanquished Creatures (others)
  A dancing weapon (Volcano)
  A fire bat (Lair:2)
  An orc priest (Orc:1)
  An orc wizard (D:12)
  5 orcs
  75 fungi
  137 plants
221 creatures vanquished.

Grand Total: 1057 creatures vanquished

Notes
Turn   | Place    | Note
-------+----------+-------------------------------------------
     0 | D:5      | flotson the Demonspawn Delver began the quest for the Orb.
     0 | D:5      | Reached XP level 1. HP: 18/18 MP: 1/1
    11 | D:5      | Identified the +1 shortbow of Kisajaf {speed, rN++ Str+2}
    47 | D:5      | Found a staircase to the Ecumenical Temple.
    95 | D:4      | Noticed a scorpion
   471 | D:5      | Noticed an iguana
   511 | Temple   | Entered the Ecumenical Temple
   548 | D:4      | Gained mutation: You have a small tail. [demonic ancestry]
   548 | D:4      | Reached XP level 2. HP: 15/24 MP: 2/2
   637 | D:4      | Reached skill level 1 in Axes
   637 | D:4      | Reached skill level 1 in Armour
   637 | D:4      | Reached skill level 1 in Evocations
   637 | D:4      | Gained mutation: You have a tail ending in a sharp stinger.
                  | [demonic ancestry]
   637 | D:4      | Reached XP level 3. HP: 3/29 MP: 0/3
  1556 | D:2      | Gained mutation: You have an unusually large brain. (Int
                  | +2) [demonic ancestry]
  1556 | D:2      | Reached XP level 4. HP: 23/35 MP: 2/4
  1900 | D:1      | Found a faded altar of an unknown god.
  3066 | Temple   | Became a worshipper of Gozag Ym Sagoz the Greedy
  3313 | D:2      | Reached XP level 5. HP: 30/41 MP: 5/5
  4347 | D:4      | Reached skill level 1 in Throwing
  4557 | D:4      | Found a bloodstained altar of Trog.
  4619 | D:4      | Found a broken altar of Ashenzari.
  4620 | D:4      | Found a sparkling altar of Nemelex Xobeh.
  4620 | D:4      | Found a sacrificial altar of Ru.
  4637 | D:4      | Noticed an ogre
  4663 | D:4      | Killed an ogre
  4664 | D:4      | Gained mutation: You have an extremely huge brain. (Int +4)
                  | [demonic ancestry]
  4664 | D:4      | Reached XP level 6. HP: 45/48 MP: 6/6
  6265 | D:4      | Found a stormy altar of Qazlal.
  6306 | D:4      | Reached XP level 7. HP: 37/48 MP: 7/7
  6634 | D:5      | Noticed Grinder
  6637 | D:5      | Killed Grinder
  6638 | D:5      | Reached skill level 1 in Shields
  6965 | D:5      | Found a shimmering blue altar of Sif Muna.
  7078 | D:6      | Found a sand-covered staircase.
  7085 | Ossuary  | Entered an ossuary
  7681 | D:6      | Found a burning altar of Makhleb.
  7688 | D:6      | Reached XP level 8. HP: 50/61 MP: 6/8
  7733 | D:6      | Noticed Eustachio
  7741 | D:6      | Killed Eustachio
  7742 | D:6      | Reached skill level 5 in Fighting
  8190 | D:6      | Noticed Blork the orc
  8204 | D:6      | Killed Blork the orc
  8255 | D:6      | Found a shadowy altar of Dithmenos.
  8620 | D:7      | Found Cheibriados's Comfort Zone.
  8621 | D:7      | Found a snail-covered altar of Cheibriados.
  8624 | D:7      | Identified the +10 trident "Tecwaumm" {drain, rC+}
  9127 | D:7      | Identified the +4 dagger "Suetan" {drain, rC+ Str-3 Int+4
                  | SInv}
  9251 | D:7      | Found a runed translucent door.
  9252 | D:7      | Noticed Crazy Yiuf
  9260 | D:7      | Killed Crazy Yiuf
  9440 | D:7      | Reached XP level 9. HP: 63/68 MP: 7/9
  9683 | D:7      | Found an iron altar of Okawaru.
  9932 | D:8      | Found Zitt's Distillery.
  9932 | D:8      | Found Pealiam's Antique Weapon Shoppe.
  9932 | D:8      | Found Aclaguyxt's Antique Weapon Shoppe.
  9937 | D:8      | Found Peoprias's Jewellery Shoppe.
 10222 | D:8      | Noticed an angel
 10438 | D:8      | Found a shimmering altar of Xom.
 10746 | D:8      | Found a snail-covered altar of Cheibriados.
 11062 | D:9      | Reached skill level 5 in Dodging
 11101 | D:9      | Reached skill level 5 in Evocations
 11272 | D:9      | Noticed Prince Ribbit
 11281 | D:9      | Killed Prince Ribbit
 11296 | D:9      | Noticed Erolcha
 11709 | D:9      | Killed Erolcha
 11710 | D:9      | Reached skill level 5 in Armour
 11710 | D:9      | Reached XP level 10. HP: 77/77 MP: 10/10
 11821 | D:9      | Reached skill level 5 in Throwing
 12098 | D:10     | Entered Level 10 of the Dungeon
 12144 | D:10     | Noticed a cyclops
 12151 | D:10     | Killed a cyclops
 12251 | D:10     | Noticed a death yak
 12251 | D:10     | Noticed a death yak
 12274 | D:10     | Noticed a death yak
 12467 | D:10     | Found a staircase to the Lair.
 12563 | D:10     | Found a runed translucent gate.
 12563 | D:10     | Found a runed translucent gate.
 12563 | D:10     | Found a runed translucent gate.
 12566 | D:10     | Noticed a great orb of eyes
 12566 | D:10     | Noticed Taurus's ghost (novice MiFi)
 12735 | D:10     | Found a viscous altar of Jiyva.
 12783 | Lair:1   | Entered Level 1 of the Lair of Beasts
 13030 | D:10     | Reached skill level 5 in Shields
 13670 | D:10     | Reached XP level 11. HP: 44/84 MP: 8/11
 13933 | D:10     | Reached skill level 5 in Polearms
 14273 | Lair:1   | Found a runed translucent gate.
 14274 | Lair:1   | Found a runed translucent gate.
 14275 | Lair:1   | Found a runed translucent gate.
 14292 | Lair:1   | Noticed Brotato's ghost (novice DsBr)
 15472 | Lair:2   | Identified the +1 leather armour "Uveeriag" {rF+ Str-3
                  | Dex+5 Stlth+}
 15484 | Lair:2   | Found a dark tunnel.
 15506 | Volcano  | Entered a volcano
 15590 | Volcano  | Noticed a wizard
 15593 | Volcano  | Killed a wizard
 15646 | Volcano  | Noticed a wizard
 15651 | Volcano  | Killed a wizard
 15664 | Volcano  | Noticed a wizard
 15672 | Volcano  | Killed a wizard
 15743 | Volcano  | Noticed a wizard
 15743 | Volcano  | Noticed a wizard
 15764 | Volcano  | Killed a wizard
 15765 | Volcano  | Killed a wizard
 15955 | Volcano  | Found the +3 pair of gauntlets of War {Slay+5}
 15957 | Volcano  | Noticed a +1 mace of flaming
 15973 | Volcano  | Killed a +1 mace of flaming
 16526 | Lair:2   | Gained mutation: You regenerate a little health from kills.
                  | [demonic ancestry]
 16526 | Lair:2   | Reached XP level 12. HP: 93/93 MP: 12/12
 16803 | Lair:2   | Found a staircase to the Swamp.
 17510 | Lair:3   | Noticed a death yak
 17510 | Lair:3   | Noticed a death yak
 17539 | Lair:3   | Killed a death yak
 17546 | Lair:3   | Killed a death yak
 17832 | Lair:3   | Found a shadowy altar of Dithmenos.
 18011 | Lair:3   | Identified the +1 leather armour of Apathy {rF+ Str+8}
 18137 | Lair:3   | Found a staircase to the Snake Pit.
 18164 | Lair:3   | Noticed a death yak
 18164 | Lair:3   | Noticed a death yak
 18166 | Lair:3   | Noticed a death yak
 18168 | Lair:3   | Noticed a death yak
 18188 | Lair:3   | Killed a death yak
 18195 | Lair:3   | Killed a death yak
 18197 | Lair:3   | HP: 4/95 [death yak (6)]
 18205 | Lair:3   | Killed a death yak
 18641 | Lair:3   | Killed a death yak
 19233 | Lair:4   | Identified the +5 leather armour "Uzeschadgh" {rF++}
 19263 | Lair:4   | Gained mutation: You have an absolutely massive brain. (Int
                  | +6, Wiz) [demonic ancestry]
 19263 | Lair:4   | Reached XP level 13. HP: 90/101 MP: 13/13
 21316 | Lair:6   | Entered Level 6 of the Lair of Beasts
 22236 | Lair:6   | Reached skill level 10 in Fighting
 22951 | Lair:6   | Reached XP level 14. HP: 110/110 MP: 14/14
 23077 | Lair:6   | Found a staircase to the Slime Pits.
 23078 | Lair:6   | Found a viscous altar of Jiyva.
 25079 | Lair:1   | Killed Brotato's ghost
 25129 | Lair:1   | Reached skill level 10 in Evocations
 25384 | D:10     | Killed Taurus's ghost
 25744 | D:11     | Found an iron altar of Okawaru.
 25794 | D:11     | Found a gate leading to a gauntlet.
 25803 | Gauntlet | Entered a Gauntlet
 25803 | Gauntlet | Found a transporter.
 25803 | Gauntlet | Found a transporter.
 25980 | Gauntlet | Found a transporter.
 25983 | Gauntlet | Found a transporter.
 26000 | Gauntlet | Found a transporter.
 26008 | Gauntlet | Found a transporter.
 26010 | Gauntlet | Found the ring of the Hare {EV+8}
 26012 | Gauntlet | Found a transporter.
 26021 | Gauntlet | Found a transporter.
 26037 | Gauntlet | Found a transporter.
 26055 | Gauntlet | Found a transporter.
 26056 | Gauntlet | Found a transporter.
 26064 | Gauntlet | Found a transporter.
 26127 | Gauntlet | Found a runed translucent door.
 26164 | Gauntlet | Identified the +1 plate armour of the Apprentice {Slay+5}
 26203 | Gauntlet | Identified the +2 cloak of the Quahog {Will- Regen+ Stlth+}
 27112 | D:12     | Found a frozen archway.
 27120 | IceCv    | Entered an ice cave
 27284 | IceCv    | Gained mutation: You regenerate health from kills. [demonic
                  | ancestry]
 27284 | IceCv    | Reached XP level 15. HP: 108/118 MP: 13/15
 27468 | IceCv    | Reached skill level 10 in Dodging
 27626 | IceCv    | Noticed a frost giant
 27633 | IceCv    | Killed a frost giant
 27897 | D:12     | Found a staircase to the Orcish Mines.
 28828 | Orc:1    | Entered Level 1 of the Orcish Mines
 29066 | Orc:1    | Noticed Josephine
 29083 | Orc:1    | Killed Josephine
 29084 | Orc:1    | Reached skill level 10 in Armour
 29360 | Orc:2    | Entered Level 2 of the Orcish Mines
 29439 | Orc:2    | Found Vurchoikk's Magic Scroll Shop.
 29478 | Orc:2    | Bought a scroll of poison for 59 gold pieces
 29478 | Orc:2    | Bought a scroll of teleportation for 51 gold pieces
 29478 | Orc:2    | Bought a scroll of fog for 34 gold pieces
 29478 | Orc:2    | Bought a scroll of immolation for 59 gold pieces
 29478 | Orc:2    | Bought a scroll of teleportation for 51 gold pieces
 29478 | Orc:2    | Bought a scroll of identify for 34 gold pieces
 29478 | Orc:2    | Bought a scroll of teleportation for 51 gold pieces
 29478 | Orc:2    | Bought a scroll of identify for 34 gold pieces
 29617 | Orc:2    | Paralysed by an orc sorcerer for 3 turns
 29759 | Orc:2    | Reached skill level 10 in Throwing
 29782 | Orc:2    | Found a staircase to the Elven Halls.
 29899 | Orc:2    | Noticed an orc warlord
 29994 | Orc:1    | Killed an orc warlord
 30076 | Orc:2    | Found Efauvano's Antique Weapon Shop.
 30189 | Orc:2    | Found Ceophun's Antique Armour Boutique.
 30467 | Orc:2    | Found Paipol's Antique Armour Shoppe.
 30509 | Orc:2    | Bought the +3 warlock's mirror {reflect} for 920 gold
                  | pieces
 30509 | Orc:2    | Found the +3 warlock's mirror {reflect}
 30845 | Elf:1    | Entered Level 1 of the Elven Halls
 31474 | Abyss:2  | Cast into level 2 of the Abyss (a wizard)
 31770 | Abyss:2  | Noticed a tentacled starspawn
 31789 | Abyss:2  | HP: 2/96 [poison (poison gas)]
 31790 | Abyss:2  | Succumbed to poison (poison gas)

Illustrated notes

Levels and vault maps discovered:
D:1:      grunt_arrival_lava_bath, layout_basic,
          chequers_ecumenical_altar_island
D:2:      cheibrodos_old_hovel, layout_loops_cross, minmay_misc_feat_ornament
D:3:      layout_loops_cross, hangedman_decor_growths
D:4:      layout_loops_cross, lemuel_doored_altar,
          nicolae_overflow_crystal_walls, grunt_temple_overflow_open,
          portal_sewer_entry_b, minmay_increasing_density
D:5:      layout_basic, led_sif_pool, minmay_temple_entry_statues_fountains,
          hangedman_abyss_or_decor_stagger, uniq_grinder
D:6:      layout_cave_pools, nicolae_dithmenos_the_darkroom,
          mainiacjoe_overflow_small_starburst, nicolae_ossuary_entry_monument,
          uniq_eustachio, uniq_blork_the_orc
D:7:      layout_basic, general_overflow_altar, minmay_shop_chei,
          nrook_pool_corridor, uniq_crazy_yiuf_cottage
D:8:      layout_basic, grunt_temple_overflow_order_and_chaos_1,
          chei_slow_surprise, amcnicky_altar_gilded, minmay_shop_grid_forest
D:9:      layout_long_grid, uniq_prince_ribbit1, uniq_erolcha
D:10:     layout_roguey, dpeg_lair_monsters, gammafunk_ghost_ooze,
          kennysheep_small_square
D:11:     layout_roguey, gauntlet_entry_generic, okawaru_trees_1
D:12:     layout_layer_cave, hiddenorc1_lemuel, portal_ice_cave_entry_pillars_1,
          serial_bayou, serial_bayou_ford_a, serial_bayou_lake_a,
          serial_bayou_crossing, serial_bayou_lagoon_b,
          minmay_stone_trees_small, grunt_ministairs_8, minivault_16
D:13:     layout_cave_pods, grunt_vaults_entry_fortified, minmay_circle_x
Temple:   dpeg_three_leaves_temple
Lair:1:   layout_regular_city, gammafunk_ghost_necromancy,
          cheibrodos_lair_caveside_slide, serial_bayou_pond_a,
          grunt_forest_small_clearings, minivault_27, lemuel_fruit_tree
Lair:2:   beast_lair_carwin_large_4, layout_gridlike, swamp_mist,
          nicolae_volcano_entry_batcave, st_stairs_12
Lair:3:   layout_concentric_octagons, minmay_snake_entry_six_corridors,
          basic_altar
Lair:4:   statuecave_lemuel, layout_regular_city, grunt_megastairs_3,
          infiniplex_staircase_pool_2
Lair:5:   layout_regular_city
Lair:6:   hangedman_lair_tendril_chambers, layout_big_grid,
          hangedman_lair_caniforms_friends, minmay_slime_entry_oklob_open,
          serial_rivers, chequers_serial_rivers_small_a,
          chequers_serial_rivers_micro_b, chequers_serial_rivers_room_b,
          chequers_serial_rivers_micro_d, chequers_serial_rivers_room_b,
          chequers_serial_rivers_micro_e, patterned_corridor
Orc:1:    layout_caves, mines1_david, uniq_josephine
Orc:2:    grunt_orc_community_town_hall, layout_diamond_mine,
          grunt_orc_community_big_house_2, grunt_orc_community_big_house_1,
          grunt_orc_community_house_2, grunt_orc_community_house_1,
          grunt_orc_community_house_3, grunt_orc_community_house_1,
          nicolae_orc_lava_room
Elf:1:    minmay_elf_arrival_circle, layout_gridlike, evilmike_minifort,
          uniq_nikola
Abyss:2:  base: Crypt:2, hangedman_abyss_exit_choices,
          guppyfry_abyss_exit_glass_guarded

Skill      XL: |  1  2  3  4  5  6  7  8  9 10 11 12 13 14 15 |
---------------+----------------------------------------------+-----
Dodging        | 2 3 4 5 6 7 8 9 10 | 10.7
Axes           | 1 2 3 4 |  4.5
Armour         | 1 2 3 4 5 6 7 8 9 10 | 10.4
Evocations     | 1 2 3 4 5 6 7 8 9 10 11 | 11.2
Throwing       | 1 2 3 4 5 6 7 8 9 10 | 10.4
Fighting       | 4 5 6 7 8 9 10 11 | 11.8
Shields        | 1 2 4 5 6 7 8 9 |  9.6
Polearms       | 2 3 4 6 7 8 9 |  9.6
Stealth        | |  4.5

Action                   |  1- 3 |  4- 6 |  7- 9 | 10-12 | 13-15 || total
-------------------------+-------+-------+-------+-------+-------++-------
Melee: Spear             |   110 |   310 |   102 |       |       ||   522
       Punch             |     2 |     1 |       |       |       ||     3
       Tailslap          |    13 |    35 |    47 |    94 |   291 ||   480
       Trident           |       |       |   187 |   574 |  1541 ||  2302
       Broad axe         |       |       |       |       |   108 ||   108
 Fire: Sling             |       |    19 |    43 |     9 |    25 ||    96
Throw: Stone             |     4 |     4 |     6 |       |       ||    14
       Dart              |       |     9 |       |     5 |     2 ||    16
Evoke: Wand              |       |     2 |    23 |    10 |    10 ||    45
  Use: Scroll            |       |       |     7 |     5 |    19 ||    31
       Potion            |       |       |     1 |     1 |     5 ||     7
 Stab: Sleeping          |       |     4 |     1 |       |     9 ||    14
       Distracted        |       |       |       |     4 |    22 ||    26
       Invisible         |       |       |       |       |     2 ||     2
Armor: Leather armour    |     5 |       |       |       |   493 ||   498
       Chain mail        |    39 |     4 |       |       |       ||    43
       Scale mail        |       |   114 |   112 |   178 |       ||   404
Dodge: Dodged            |    36 |   142 |   170 |   345 |  1012 ||  1705
Block: Kite shield       |       |    13 |   158 |   310 |   697 ||  1178
       Buckler           |       |       |       |       |    88 ||    88
       Reflection        |       |       |       |       |    20 ||    20

Table legend: (Time is in decaauts)
 A = Elapsed time spent in this place.
 B = Non-inter-level travel time spent in this place.
 C = Inter-level travel time spent in this place.
 D = Time resting spent in this place.
 E = Time spent auto-exploring this place.
 F = Levels seen in this place.
 G = Mean time per level.
                   A        B        C        D        E       F      G
               +--------+--------+--------+--------+--------+-----+--------+
         Total |  32101 |  30263 |   1838 |   2493 |  20910 |  28 | 1146.5 |
       Dungeon |  16610 |  15407 |   1203 |   1260 |  11234 |  13 | 1277.7 |
        Temple |     33 |     16 |     17 |      0 |      0 |   1 |   33.0 |
          Lair |  10432 |   9892 |    540 |   1185 |   6561 |   6 | 1738.7 |
  Orcish Mines |   1981 |   1905 |     76 |      8 |   1262 |   2 |  990.5 |
   Elven Halls |      1 |      1 |      0 |      0 |      0 |   1 |    1.0 |
         Abyss |    354 |    354 |      0 |      0 |     45 |   1 |  354.0 |
       Ossuary |    606 |    606 |      0 |      0 |    458 |   1 |  606.0 |
      Ice Cave |    667 |    667 |      0 |      0 |    351 |   1 |  667.0 |
       Volcano |    864 |    864 |      0 |      0 |    674 |   1 |  864.0 |
      Gauntlet |    548 |    548 |      0 |     40 |    324 |   1 |  548.0 |
               +--------+--------+--------+--------+--------+-----+--------+

Top non-repeatable levels by time:
  Lair:6: 2893 daAuts
    D:10: 2344 daAuts
     D:4: 2064 daAuts
  Lair:3: 1810 daAuts
     D:3: 1717 daAuts
  Lair:5: 1625 daAuts
  Lair:1: 1567 daAuts
     D:8: 1514 daAuts
   Orc:2: 1442 daAuts
    D:12: 1423 daAuts
  Lair:4: 1306 daAuts
  Lair:2: 1229 daAuts
     D:7: 1225 daAuts
     D:2: 1211 daAuts
     D:1: 1028 daAuts
